 Dungeon Crawl Stone Soup version 0.30-a0-394-g3e4acdb0ae (webtiles) character file.

Game seed: 4989535676453041179

130 Depression the Magician (level 4, -4/24 HPs)
             Began as a Deep Elf Hedge Wizard on Dec 6, 2022.
             Was an Initiate of Gozag.
             Killed by nerve-wracking pain
             ... invoked by Grinder
              (9 damage)
             ... on level 3 of the Dungeon.
             The game lasted 00:21:44 (3302 turns).

Depression the Magician (Deep Elf Hedge Wizard)     Turns: 3302, Time: 00:21:45

Health: -4/24      AC:  4    Str:  7    XL:     4   Next: 90%
Magic:  8/13       EV: 13    Int: 21    God:    Gozag
Gold:   374        SH:  0    Dex: 14    Spells: 2/13 levels left

rFire   . . .      SeeInvis .    f - +0 shortbow
rCold   . . .      Faith    .    (shield currently unavailable)
rNeg    . . .      Spirit   .    b - +0 robe
rPois   .          Reflect  .    c - +0 hat
rElec   .          Harm     .    e - +0 cloak
rCorr   .          Rampage  .    g - +0 pair of gloves
Will    .....                    (no boots)
Stlth   ++........               (no amulet)
HPRegen 0.24/turn                (no ring)
MPRegen 0.13/turn                (no ring)

@: no status effects
A: no striking features
a: Renounce Religion, Potion Petition, Call Merchant, Bribe Branch


You were on level 3 of the Dungeon.
You worshipped Gozag.
Gozag was aware of your devotion.
You visited 1 branch of the dungeon, and saw 3 of its levels.

You collected 409 gold pieces.
You paid 35 gold pieces to Gozag.

Inventory:

Hand Weapons
 f - a +0 shortbow (weapon)
 m - a +3 short sword
Missiles
 h - 2 poisoned darts
 q - 9 atropa-tipped darts
Armour
 b - a +0 robe (worn)
 c - a +0 hat (worn)
 e - a +0 cloak (worn)
 g - a +0 pair of gloves (worn)
Jewellery
 t - a ring of resist corrosion
Wands
 w - a wand of light (6)
Scrolls
 j - 2 scrolls of identify {unknown}
 o - a scroll of vulnerability {unknown}
 p - a scroll of enchant armour {unknown}
 r - a scroll of teleportation {unknown}
 s - a scroll of amnesia {unknown}
 u - a scroll of immolation {unknown}
 x - a scroll of enchant weapon {unknown}
 y - a scroll of silence {unknown}
Potions
 a - 2 potions of lignification {unknown}
 d - a potion of magic
 i - 2 potions of ambrosia {unknown}
 k - 4 potions of mutation {unknown}
 l - a potion of might {unknown}
 n - 3 potions of haste {unknown}
 v - a potion of flight {unknown}


   Skills:
 - Level 3.0 Dodging
 - Level 3.0 Stealth
 + Level 5.1 Spellcasting
 - Level 2.0 Conjurations
 - Level 2.0 Hexes
 - Level 2.0 Summonings
 + Level 2.0 Necromancy
 - Level 2.0 Translocations


You had 2 spell levels left.
You knew the following spells:

 Your Spells              Type           Power      Damage    Failure   Level
a - Magic Dart            Conj           52%        1d5       4%          1
b - Blink                 Tloc           26%        N/A       7%          2
c - Call Imp              Summ           13%        N/A       7%          2
d - Slow                  Hex            52%        N/A       4%          1
e - Cigotuvi's Dreadful   Necr/Pois/Air  16%        N/A       12%         2
f - Vampiric Draining     Necr           14%        2d7       14%         3

Your spell library contained the following spells:

 Spells                   Type           Power      Damage    Failure   Level
 Necrotise                Necr           56%        1d6       4%          1
 Mephitic Cloud           Conj/Pois/Air  8%         N/A       24%         3
 Agony                    Necr           14%        N/A       77%         5


Dungeon Overview and Level Annotations

Branches:
Dungeon (3/15) Zot: 14642

Altars:
Cheibriados
Gozag

Annotations:
D:3 Grinder


Message History

Grinder is moderately wounded.
Grinder hits your crimson imp.
Your crimson imp closely misses Grinder.
Grinder hits your crimson imp.
Your crimson imp dies!
Your crimson imp disappears in a puff of smoke!
Casting: Call Imp (safe; 7% risk of failure)
Confirm with . or Enter, or press ? or * to list all spells.
A beastly little devil appears in a puff of flame.
Fire: f) +0 shortbow
Press: ? - help, Q - select action, (/) - cycle Shift-Dir - straight line, f/p - Grinder
Aim: Grinder (moderately wounded, ally target, 53% to hit)
You shoot an arrow. The arrow closely misses Grinder.
Grinder closely misses you.
Your crimson imp blinks!
Fire: f) +0 shortbow
Press: ? - help, Q - select action, (/) - cycle Shift-Dir - straight line, f/p - Grinder
Aim: Grinder (moderately wounded, ally target, 53% to hit)
You shoot an arrow. The arrow hits Grinder.
Grinder is heavily wounded.
Grinder hits you!
You writhe in agony.
* * * LOW HITPOINT WARNING * * *
Grinder says, "There's only one good use for a tongue: cutting it out."
Grinder closely misses you.
Your crimson imp closely misses Grinder.
You swap places.
Grinder hits you.
* * * LOW HITPOINT WARNING * * *
You writhe in agony.
* * * LOW HITPOINT WARNING * * *
Your crimson imp barely misses Grinder.
Grinder gestures at you. You resist with significant effort.
Your crimson imp closely misses Grinder.
Grinder gestures at you. You resist with significant effort.
Your crimson imp hits Grinder.
Your crimson imp misses Grinder.
Grinder gestures at you. Pain shoots through your body!
You die...
Your body crumbles into a pile of gold.

....!. #..$. ##### $ #..#
###+#...# #..## #.......##
#...### ### #.......#. ##.55.##
#.. +....<..#. #.##..##
#.###.......#.
........###..####.#........)#.
...###### ##.@..#.#.#.......#.
#################...#...........
#..............####..#######....
##..............####..### #....
................##......# #....
##..............##......#####.)..
#..............##......'..##....
#..............##......##..#....
#.............)##......###......


You could see Grinder (ally target) and a friendly crimson imp (summoned).

Vanquished Creatures
  Robin (D:3)
  3 adders (D:2)
  A worm (D:2)
  3 dart slugs
  5 bats
  2 endoplasms (D:2)
  4 giant cockroaches
  14 goblins
  A hobgoblin (D:3)
  6 jackals
  3 kobolds
  A quokka (D:3)
  2 ball pythons (D:1)
  3 rats
49 creatures vanquished.

Vanquished Creatures (collateral kills)
  Ijyb (D:3)
  2 goblins
  2 jackals
5 creatures vanquished.

Vanquished Creatures (others)
  7 plants (D:3)
7 creatures vanquished.

Grand Total: 61 creatures vanquished

Notes
Turn   | Place    | Note
-------+----------+-------------------------------------------
     0 | D:1      | Depression the Deep Elf Hedge Wizard began the quest for
                  | the Orb.
     0 | D:1      | Reached XP level 1. HP: 10/10 MP: 7/7
   293 | D:1      | Reached XP level 2. HP: 15/15 MP: 4/9
   296 | D:1      | Learned a level 2 spell: Blink
   299 | D:1      | Learned a level 2 spell: Call Imp
   301 | D:1      | Learned a level 1 spell: Slow
   304 | D:1      | Learned a level 2 spell: Cigotuvi's Dreadful Rot
   624 | D:1      | You fall into a shaft and drop 1 floor!
   672 | D:2      | HP: 3/15 [adder (1)]
   760 | D:2      | Found an opulent altar of Gozag.
   928 | D:2      | Became a worshipper of Gozag Ym Sagoz the Greedy
  1286 | D:1      | Reached XP level 3. HP: 19/19 MP: 7/11
  1707 | D:2      | Reached skill level 3 in Stealth
  1707 | D:2      | Reached skill level 1 in Hexes
  2562 | D:2      | Reached XP level 4. HP: 24/24 MP: 12/12
  2687 | D:3      | Noticed Robin
  2692 | D:3      | Reached skill level 3 in Dodging
  2705 | D:2      | Reached skill level 2 in Summonings
  2707 | D:2      | Reached skill level 2 in Conjurations
  2778 | D:3      | Found a snail-covered altar of Cheibriados.
  2824 | D:3      | Reached skill level 2 in Translocations
  2903 | D:3      | Reached skill level 5 in Spellcasting
  2906 | D:3      | Killed Robin
  2907 | D:3      | Reached skill level 2 in Hexes
  2911 | D:3      | Learned a level 3 spell: Vampiric Draining
  3026 | D:3      | Noticed Ijyb
  3030 | D:3      | Reached skill level 1 in Necromancy
  3040 | D:3      | Killed Ijyb
  3041 | D:3      | Reached skill level 2 in Necromancy
  3268 | D:3      | Noticed Grinder
  3297 | D:3      | HP: 6/24 [Grinder (4)]
  3302 | D:3      | Killed from afar by Grinder

Illustrated notes

Levels and vault maps discovered:
D:1:      sevenhm_arrival_forest_fort_small_5, layout_basic
D:2:      layout_basic, basic_altar, minmay_puff
D:3:      layout_basic, kennysheep_slug_shrine, grunt_decor_mini_mirrors,
          serial_bayou_lake_a, uniq_natasha, uniq_ijyb, uniq_robin, uniq_grinder

Skill      XL: |  1  2  3  4 |
---------------+-------------+-----
Stealth        | 3 |  3.0
Hexes          | 1 2 |  2.0
Dodging        | 3 |  3.0
Summonings     | 2 |  2.0
Conjurations   | 2 |  2.0
Translocations | 2 |  2.0
Spellcasting   | 5 |  5.1
Necromancy     | 2 |  2.0

Action                   |  1- 3 |  4- 6 || total
-------------------------+-------+-------++-------
Melee: Dagger            |    23 |       ||    23
 Fire: Shortbow          |    15 |    42 ||    57
 Cast: Magic Dart        |    74 |    28 ||   102
       Call Imp          |     5 |     8 ||    13
       Slow              |     2 |     3 ||     5
       Blink             |     2 |     2 ||     4
  Use: Potion            |     1 |       ||     1
 Stab: Sleeping          |     1 |       ||     1
Armor: Robe              |    17 |    10 ||    27
Dodge: Dodged            |    26 |    33 ||    59

Table legend: (Time is in decaauts)
 A = Elapsed time spent in this place.
 B = Non-inter-level travel time spent in this place.
 C = Inter-level travel time spent in this place.
 D = Time resting spent in this place.
 E = Time spent auto-exploring this place.
 F = Levels seen in this place.
 G = Mean time per level.
                   A        B        C        D        E       F      G
               +--------+--------+--------+--------+--------+-----+--------+
         Total |   3356 |   3136 |    220 |    499 |   1461 |   3 | 1118.7 |
       Dungeon |   3356 |   3136 |    220 |    499 |   1461 |   3 | 1118.7 |
               +--------+--------+--------+--------+--------+-----+--------+

Top non-repeatable levels by time:
     D:2: 1529 daAuts
     D:1: 1294 daAuts
     D:3: 532 daAuts
